Grunts, chaotic male orcish Barbarian --- ---.| --...--- ---- |.......||..| ---.----..--..| |....| |......| ----- ---...-- -----.-- |...-- |...--- |.--- |....| --...| |...| ---- --...| --- --- *.....| ---.----..| ---..-- --.--- |... --- ....P%-- |...|...| |....--- --....|---..- |..| ....)G%. ---.....|--.-....| |.....-|....---..| ....@.%. .....-|....-.........-..|.--..|...- --..... .....|.-.- |...----..%%)|...[....| --... -.......-- |....<.....%.........- .. .........| --..--------..)...... 0|........| ---- ---..%.... |....--.-- --.---- --.-- --- --- --- Grunts the Bandit Experience level: 7 Strength: 17 Dexterity: 16 Constitution: 18 Intelligence: 9 Wisdom: 7 Charisma: 7 Health: 0(78) Energy: 9(9) AC: 5 Gold: 60 Moves: 1536 Your Inventory: Coins $ - 60 gold pieces Weapons a - an uncursed rusty +0 battle-axe (weapon in hands) b - an uncursed +0 orcish short sword (alternate weapon; not wielded) Armor c - an uncursed +0 orcish ring mail (being worn) n - a [blessed] +0 pair of iron shoes (being worn) q - an [uncursed +0] mummy wrapping t - an [uncursed] +0 dwarvish cloak (being worn) Comestibles d - 2 uncursed food rations f - an uncursed lembas wafer g - an uncursed tin of brown mold Scrolls m - 3 [uncursed] scrolls of identify p - a [cursed] scroll labeled VENZAR BORGAVVE [of create monster] Rings i - a cursed -2 ring of gain wisdom j - a cursed -1 ring of gain constitution Tools h - an uncursed tin whistle r - an [uncursed] partly used [tallow] candle (lit) s - an [uncursed +0] pick-axe u - an [uncursed] tinning kit [0:81] Spells known in the end: Name Level Category Fail Memory Your skills at the end: Fighting Skills bare handed combat [Basic / Master] Weapon Skills axe [Basic / Expert] short sword [Basic / Expert] Spellcasting Skills Final Attributes: You were devoutly aligned. Hunger level was 865. Your alignment was 17 / 17. Monster difficulty range was 1 - 6. Level difficulty was 6. You were immune to poison. You had wounded legs. You had infravision. You were fast. Your luck was zero. You are dead. Vanquished creatures: a water nymph a shrieker 2 gnome lords a kobold mummy a giant ant a floating eye a kitten 4 dwarves 2 iguanas 3 acid blobs 2 hobbits 2 giant rats 25 gnomes 3 geckos 2 jackals 2 foxes a goblin 3 sewer rats 5 grid bugs a lichen 63 creatures vanquished. Voluntary challenges: You were an atheist. You used a wielded weapon 66 times. You read items or engraved 1 time. You put on armor 3 times. You never genocided any monsters. You never polymorphed an object. You never changed form. You used no wishes. You never wrote Elbereth's name. You never encountered a bones level. You never used any Sokoban shortcuts. Dungeon overview: The Dungeons of Doom: levels 1 to 4 Level 1 an altar a long staircase Level 2 some fountains Level 3 a scroll shop Level 4 stairs to The Gnomish Mines The Gnomish Mines: levels 5 to 6 Level 5 stairs to The Dungeons of Doom Level 6 <- You were here History has recorded: On T:1 you entered the Dungeons of Doom to retrieve the Amulet of Yendor! On T:238 you reached level 2 of The Dungeons of Doom. On T:477 you advanced to experience level 2. On T:494 you advanced to experience level 3. On T:617 you reached level 3 of The Dungeons of Doom. On T:697 you advanced to experience level 4. On T:930 you reached level 4 of The Dungeons of Doom. On T:1097 you reached level 1 of The Gnomish Mines. On T:1104 you advanced to experience level 5. On T:1178 you advanced to experience level 6. On T:1298 you reached level 2 of The Gnomish Mines. On T:1493 you advanced to experience level 7. Latest messages: Its flame dies. [HP+1=6] [HP+1=7] [HP+1=8] [HP+1=9] [HP+1=10] Your candle's flame burns brightly! [HP+1=11] The gnome wields a crossbow! Pick an object. A brown pudding on the floor of a room. [HP+1=12] The gnome wields an elven dagger! The gnome thrusts his elven dagger. The gnome hits! The gnome wields an aklys! [HP-5=7] You kill the gnome! The gnome swings her aklys. The gnome hits! [HP-1=6] You smite the gnome! (2x) The gnome swings her aklys. The gnome hits! You die... Final status: Goodbye Grunts the Barbarian... You died in The Gnomish Mines on dungeon level 6 with 1726 points, and 60 pieces of gold, after 1536 moves. You were level 7 with a maximum of 78 hit points when you died.